 Dungeon Crawl Stone Soup version 0.31-a0-167-g1c394c0614 (webtiles) character file.

Game seed: 7994910274864145142

2153 qw the Cleaver (level 9, -1/56 HPs)
             Began as a Gargoyle Fighter on June 14, 2023.
             Slain by a gnoll sergeant
             ... wielding a +2 heavy spear
              (11 damage)
             ... on level 7 of the Dungeon.
             The game lasted 00:03:05 (5968 turns).

qw the Cleaver (Gargoyle Fighter)                   Turns: 5968, Time: 00:03:06

Health: -1/56      AC: 19    Str: 20 (23) XL:     9   Next: 31%
Magic:  9/9        EV:  6    Int:  9 (10) God:
Gold:   121        SH:  4    Dex:  8 (9)  Spells: 8/8 levels left

rFire   . . .        Y - +1 war axe
rCold   . . .        c - +0 buckler
rNeg    + . .        p - +0 plate armour
rPois   inf          g - +0 helmet
rElec   +            (no cloak)
rCorr   .            (no gloves)
SInv    .            (no boots)
Will    .....        a - amulet of Knowledge {Faith rPois Slay+4} Stlth
                     (no ring)
HPRegen 0.29/turn    (no ring)
MPRegen 0.11/turn

%: faith
@: no status effects
A: sickness immunity, AC +6, negative energy resistance 1, electricity
resistance, torment resistance 1, petrification resistance
a: no special abilities


You were on level 7 of the Dungeon.
You visited 2 branches of the dungeon, and saw 8 of its levels.

You collected 309 gold pieces.
You spent 188 gold pieces at shops.


Innate Abilities, Weirdness & Mutations

You are immune to sickness and miasma.
Your stone body is resilient. (AC +6)
You are immune to poison.
You resist negative energy. (rN+)
You are resistant to electric shocks. (rElec)
You are resistant to unholy torment.
You are immune to petrification.


   Skills:
 + Level 6.9 Fighting
 - Level 9.0 Axes
 - Level 0.2 Throwing
 - Level 5.0 Armour
 - Level 1.0 Dodging
 - Level 4.2 Shields


You had 8 spell levels left.
You didn't know any spells.
Your spell library was empty.

Inventory:

Hand Weapons
 b - a +0 flail
 Y - a +1 war axe (weapon)
Armour
 c - a +0 buckler (worn)
 g - a +0 helmet (worn)
 p - a +0 plate armour (worn)
Jewellery
 a - the amulet of Knowledge (around neck) {Faith rPois Slay+4}
   (You acquired it on level 2 of the Dungeon)

   [amulet of faith]

   It allows you to gain divine favour quickly.
   Slay:      It affects your accuracy & damage with ranged weapons and melee
   (+4).
   rPois:     It protects you from poison.
Wands
 r - a wand of digging (5)
Scrolls
 h - 3 scrolls of identify
Potions
 d - a potion of might
 i - 3 potions of lignification
 j - 2 potions of magic
 m - a potion of attraction
 o - a potion of haste {unknown}
 q - a potion of mutation {unknown}

Dungeon Overview and Level Annotations

Branches:
Dungeon (7/15)             Temple (1/1) D:6

Altars:
Cheibriados
Fedhas
Gozag
Hepliaklqana
Qazlal
Sif Muna
Trog
Wu Jian
Xom
Yredelemnul
Lugonu

Shops:
D:4 *=*

Annotations:
D:2 1 runed translucent door, Crazy Yiuf
D:3 3 runed translucent doors, qw's ghost, amateur GrFi


Message History

You slash the white imp! The white imp gestures at you.
The puff of frost hits you but does no damage.
The gnoll hits you but does no damage.
You slash the white imp!
You kill the white imp!
You closely miss the gnoll.
The gnoll sergeant hits you from afar with a +2 heavy spear!
You block the gnoll's attack.
You barely miss the gnoll.
The gnoll is heavily wounded.
The gnoll sergeant hits you from afar with a +2 heavy spear!
You block the gnoll's attack.
You closely miss the gnoll.
The gnoll is heavily wounded.
The gnoll hits you but does no damage.
The gnoll sergeant hits you from afar with a +2 heavy spear!
You hit the gnoll.
The gnoll is severely wounded.
The gnoll hits you with a +0 spear.
You barely miss the gnoll.
The gnoll is severely wounded.
The gnoll hits you but does no damage.
The gnoll sergeant hits you from afar with a +2 heavy spear.
You hit the gnoll.
You kill the gnoll!
The gnoll sergeant hits you but does no damage.
The gnoll hits you from afar with a +0 spear.
Enter note:
Enter note:
Enter note: You hit the gnoll sergeant.
The gnoll sergeant is moderately wounded.
The gnoll hits you but does no damage.
The gnoll sergeant hits you with a +2 heavy spear!
You closely miss the gnoll sergeant.
The gnoll sergeant is moderately wounded.
The gnoll hits you but does no damage.
The gnoll sergeant hits you with a +2 heavy spear!
You die...

..#####.#.###(#
#.#.# #.#
#.#.###.#
##.#.....#
........##
##.###..# #.#
#..### #...)#
#..#@#
........gg.....
####..>.##.....
#....# ....
#....# #.#
#....# # .....#
.......


You could see a gnoll sergeant and a gnoll.

Vanquished Creatures
  Grinder (D:4)
  Eustachio (D:5)
  Duvessa (D:4)
  2 sky beasts (D:6)
  An ice beast (D:4)
  2 black bears
  An ogre (D:6)
  A phantom (D:6)
  2 scorpions
  5 wights
  Dowan (D:4)
  A jelly (D:6)
  6 hounds
  An orc priest (D:3)
  A gnoll bouda (D:6)
  4 iguanas
  3 orc wizards
  Robin (D:3)
  A gnoll (D:7)
  6 adders
  A white imp (D:7)
  2 ufetubi (D:5)
  4 worms
  8 dart slugs
  20 orcs
  8 ball pythons
  7 bats
  6 endoplasms
  3 giant cockroaches
  17 goblins
  8 hobgoblins
  8 jackals (D:4)
  2 quokkas
  4 frilled lizards
  4 kobolds
  5 rats
149 creatures vanquished.

Notes
Turn   | Place    | Note
-------+----------+-------------------------------------------
     0 | D:1      | qw the Gargoyle Fighter began the quest for the Orb.
     0 | D:1      | Reached XP level 1. HP: 14/14 MP: 1/1
     0 | D:1      | 0 ||| qw: Version: 0.2-a-29-g1fa15c8
     0 | D:1      | 0 ||| qw: Game counter: 5131
     0 | D:1      | 0 ||| qw: Always use a shield: true
     0 | D:1      | 0 ||| qw: God list: Okawaru
     0 | D:1      | 0 ||| qw: Allow faded altars: false
     0 | D:1      | 0 ||| qw: Do Orc after D:15 true
     0 | D:1      | 0 ||| qw: Do second Lair branch before Depths: true
     0 | D:1      | 0 ||| qw: Lair rune preference: random
     0 | D:1      | 0 ||| qw: Plans: Normal, Zot:1-4, Slime:5, God:TSO, Crypt,
                  | Tomb, Abyss, Pan, Hells, Win
     0 | D:1      | 0 ||| PLANNING D:1-11
    75 | D:1      | Reached skill level 2 in Axes
    96 | D:1      | Reached XP level 2. HP: 19/19 MP: 2/2
   483 | D:1      | Reached skill level 3 in Axes
   500 | D:1      | Reached XP level 3. HP: 22/23 MP: 3/3
   852 | D:1      | 852 ||| UPGRADING to +0 helmet.
   857 | D:1      | 857 ||| READING scroll labelled VUAFINELAD.
   858 | D:1      | 858 ||| READING 2 scrolls labelled ECHO VERCHAACW.
   859 | D:1      | 859 ||| READING scroll labelled PAJ QO KUOTH.
   860 | D:1      | 860 ||| READING scroll labelled QANINI ZIMOLI.
   861 | D:1      | 861 ||| DROPPING scroll of revelation.
  1116 | D:2      | 1116 ||| Stepping ~*~*~tactically~*~*~ (hiding).
  1120 | D:2      | 1120 ||| Stepping ~*~*~tactically~*~*~ (hiding).
  1158 | D:2      | Reached XP level 4. HP: 27/28 MP: 4/4
  1168 | D:2      | Identified the +1 great sword of Giashai {freeze, *Slow
                  | rElec rF+ Int+3}
  1329 | D:2      | Found a runed translucent door.
  1330 | D:2      | Noticed Crazy Yiuf
  1363 | D:2      | 1363 ||| Stepping ~*~*~tactically~*~*~ (hiding).
  1696 | D:2      | 1696 ||| READING scroll labelled ASAIMU JOUGHO.
  1697 | D:2      | 1697 ||| READING scroll labelled CIVUTEE ROTT.
  1697 | D:2      | Identified a scroll of acquirement
  1697 | D:2      | 1697 ||| ACQUIRING amulet of Knowledge {Faith rPois Slay+4}
  1697 | D:2      | Acquired the amulet of Knowledge {Faith rPois Slay+4}
  1699 | D:2      | 1699 ||| UPGRADING to amulet of Knowledge {Faith rPois
                  | Slay+4}.
  1704 | D:2      | 1704 ||| READING 2 scrolls labelled WAUFFAPLOR.
  1809 | D:3      | Reached skill level 4 in Axes
  1884 | D:3      | 1884 ||| Stepping ~*~*~tactically~*~*~ (hiding).
  1885 | D:3      | 1885 ||| Stepping ~*~*~tactically~*~*~ (hiding).
  2042 | D:3      | 2042 ||| DROPPING +0 club.
  2066 | D:3      | 2066 ||| Stepping ~*~*~tactically~*~*~ (hiding).
  2079 | D:3      | 2079 ||| Stepping ~*~*~tactically~*~*~ (stealth).
  2128 | D:3      | 2128 ||| DROPPING +0 whip.
  2132 | D:3      | 2132 ||| Stepping ~*~*~tactically~*~*~ (stealth).
  2139 | D:3      | Noticed Robin
  2146 | D:3      | Killed Robin
  2164 | D:3      | 2164 ||| FLEEEEING.
  2165 | D:3      | 2165 ||| Stepping ~*~*~tactically~*~*~ (hiding).
  2169 | D:3      | 2169 ||| Stepping ~*~*~tactically~*~*~ (hiding).
  2184 | D:3      | 2184 ||| Stepping ~*~*~tactically~*~*~ (hiding).
  2194 | D:3      | Reached XP level 5. HP: 32/32 MP: 5/5
  2212 | D:3      | Reached skill level 5 in Axes
  2326 | D:3      | 2326 ||| Stepping ~*~*~tactically~*~*~ (stealth).
  2328 | D:3      | 2328 ||| Stepping ~*~*~tactically~*~*~ (hiding).
  2360 | D:3      | Reached XP level 6. HP: 19/38 MP: 6/6
  2452 | D:3      | 2452 ||| Stepping ~*~*~tactically~*~*~ (stealth).
  2493 | D:3      | 2493 ||| Stepping ~*~*~tactically~*~*~ (stealth).
  2504 | D:3      | Reached skill level 1 in Dodging
  2558 | D:3      | Found a runed translucent gate.
  2559 | D:3      | Found a runed translucent gate.
  2559 | D:3      | Found a runed translucent gate.
  2560 | D:3      | Found an opulent altar of Gozag.
  2562 | D:3      | Noticed qw's ghost (amateur GrFi)
  2674 | D:3      | 2674 ||| UPGRADING to +0 chain mail.
  2684 | D:3      | 2684 ||| DROPPING +0 scale mail.
  2685 | D:3      | 2685 ||| READING 2 scrolls labelled IWY BEUROM.
  2713 | D:3      | 2713 ||| READING 2 scrolls of identify.
  2713 | D:3      | 2713 ||| IDENTIFYING brown potion
  2769 | D:4      | 2769 ||| Stepping ~*~*~tactically~*~*~ (hiding).
  2821 | D:4      | 2821 ||| Stepping ~*~*~tactically~*~*~ (stealth).
  2822 | D:4      | 2822 ||| DROPPING +0 vampiric whip.
  2823 | D:4      | 2823 ||| DROPPING +0 mace.
  2850 | D:4      | Found Nietokh's Assorted Antiques.
  2858 | D:4      | 2858 ||| BUYING blackened jade amulet (160 gold).
  2858 | D:4      | Bought a blackened jade amulet for 160 gold pieces
  2858 | D:4      | 2858 ||| SHOPLISTING bronze wand (128 gold, have 58).
  2858 | D:4      | 2858 ||| SHOPLISTING fading buckler (304 gold, have 58).
  2858 | D:4      | 2858 ||| BUYING fizzy purple potion (28 gold).
  2858 | D:4      | Bought a fizzy purple potion for 28 gold pieces
  2858 | D:4      | 2858 ||| SHOPLISTING glowing war axe (208 gold, have 30).
  2858 | D:4      | 2858 ||| SHOPLISTING scroll of teleportation (96 gold, have
                  | 30).
  2896 | D:4      | Noticed Grinder
  2908 | D:4      | Killed Grinder
  2909 | D:4      | Reached skill level 6 in Axes
  2909 | D:4      | Reached XP level 7. HP: 24/43 MP: 7/7
  3160 | D:4      | 3160 ||| Stepping ~*~*~tactically~*~*~ (hiding).
  3267 | D:4      | Found Zixzem's General Store.
  3273 | D:4      | 3273 ||| SHOPLISTING potion of mutation (112 gold, have
                  | 30).
  3275 | D:4      | Noticed Duvessa
  3275 | D:4      | Noticed Dowan
  3276 | D:4      | 3276 ||| Stepping ~*~*~tactically~*~*~ (hiding).
  3289 | D:4      | Killed Duvessa
  3290 | D:4      | Reached skill level 7 in Axes
  3301 | D:4      | HP: 8/43 [Dowan/shard of ice (19)]
  3302 | D:4      | 3302 ||| READING scroll of teleportation.
  3447 | D:4      | 3447 ||| Stepping ~*~*~tactically~*~*~ (hiding).
  3459 | D:4      | 3459 ||| Stepping ~*~*~tactically~*~*~ (stealth).
  3479 | D:4      | Killed Dowan
  3763 | D:4      | Found Hiwkodgh's Jewellery Shoppe.
  3766 | D:4      | 3766 ||| SHOPLISTING +4 ring of slaying (858 gold, have
                  | 35).
  3766 | D:4      | 3766 ||| SHOPLISTING ring of ice (275 gold, have 35).
  3766 | D:4      | 3766 ||| SHOPLISTING ring of positive energy (220 gold,
                  | have 35).
  3932 | D:4      | Found a shimmering blue altar of Sif Muna.
  4023 | D:4      | 4023 ||| DROPPING amulet of the acrobat.
  4024 | D:4      | 4024 ||| READING scroll labelled WAFENE COUSO.
  4025 | D:4      | 4025 ||| DRINKING 2 red potions.
  4069 | D:5      | Entered Level 5 of the Dungeon
  4085 | D:5      | Reached XP level 8. HP: 41/49 MP: 8/8
  4229 | D:5      | Noticed Eustachio
  4240 | D:5      | Killed Eustachio
  4308 | D:5      | Reached skill level 8 in Axes
  4352 | D:5      | Found a shimmering altar of Xom.
  4838 | D:5      | 4838 ||| UPGRADING to +0 plate armour.
  4848 | D:5      | 4848 ||| DROPPING +0 chain mail.
  4849 | D:5      | 4849 ||| READING 2 scrolls labelled VENIMAEZX KUSK.
  4850 | D:5      | 4850 ||| DRINKING 2 smoky white potions.
  4851 | D:5      | 4851 ||| DRINKING 2 dark potions.
  4852 | D:5      | 4852 ||| READING 2 scrolls of identify.
  4852 | D:5      | 4852 ||| IDENTIFYING grey potion
  4853 | D:5      | 4853 ||| DROPPING potion of enlightenment.
  4854 | D:5      | 4854 ||| DROPPING scroll of blinking.
  4873 | D:6      | 4873 ||| Stepping ~*~*~tactically~*~*~ (stealth).
  4882 | D:6      | 4882 ||| DRINKING potion of curing.
  4882 | D:6      | 4882 ||| (to cure confusion)
  4885 | D:6      | 4885 ||| FLEEEEING.
  4906 | D:6      | Reached skill level 6 in Fighting
  4907 | D:6      | 4907 ||| FLEEEEING.
  4908 | D:6      | 4908 ||| FLEEEEING.
  4909 | D:6      | 4909 ||| FLEEEEING.
  4910 | D:6      | 4910 ||| FLEEEEING.
  4911 | D:6      | 4911 ||| STAIRDANCE
  5142 | D:6      | Reached XP level 9. HP: 44/55 MP: 9/9
  5233 | D:6      | Reached skill level 9 in Axes
  5397 | D:6      | Found a staircase to the Ecumenical Temple.
  5398 | D:6      | 5398 ||| PLANNING TEMPLE
  5398 | D:6      | 5398 ||| READING scroll labelled HYONNYRGHEO.
  5399 | D:6      | 5399 ||| DRINKING 2 puce potions.
  5400 | D:6      | 5400 ||| DROPPING potion of degeneration.
  5406 | Temple   | Entered the Ecumenical Temple
  5433 | Temple   | 5433 ||| PLANNING D:1-11
  5617 | D:6      | 5617 ||| READING 2 scrolls of identify.
  5617 | D:6      | 5617 ||| IDENTIFYING fizzy purple potion
  5638 | D:7      | 5638 ||| STAIRDANCE
  5646 | D:6      | HP: 12/55 [wight/+3 battleaxe of freezing (4)]
  5647 | D:6      | 5647 ||| DRINKING potion of heal wounds.
  5951 | D:7      | 5951 ||| Stepping ~*~*~tactically~*~*~ (hiding).
  5967 | D:7      | HP: 9/56 [gnoll sergeant/+2 heavy spear (8)]
  5968 | D:7      | Slain by a gnoll sergeant

Levels and vault maps discovered:
D:1:      lightli_arrival_farm, layout_basic, roderic_lattice_a,
          dk_noncrumbling_2, chequers_avenue, minmay_misc_feat_doors
D:2:      layout_basic, uniq_crazy_yiuf_cottage
D:3:      layout_rooms, ebering_ghost_gozag, minmay_fractal_squares_gapless_5,
          uniq_robin
D:4:      layout_gridville, lemuel_blue_sif_altar, serial_shops,
          kennysheep_little_box, shop, shop, kennysheep_decorative_pillar,
          uniq_grinder, uniq_duvessa
D:5:      layout_basic, mainiacjoe_overflow_paths, uniq_eustachio
D:6:      minmay_spotlight, layout_cave_pools, temple_green
D:7:      layout_loops_ring, makhleb_grotto_becter
Temple:   corrupted_temple

Skill      XL: |  1  2  3  4  5  6  7  8  9 |
---------------+----------------------------+-----
Axes           | 2 3 4 5 6 7 8 9 |  9.0
Fighting       | 4 5 6 |  6.9
Dodging        | 1 |  1.0
Armour         | 5 |  5.0
Shields        | 4 |  4.2
Throwing       | |  0.2

Action                     |  1- 3 |  4- 6 |  7- 9 || total
---------------------------+-------+-------+-------++-------
  Melee: War axe           |   107 |   107 |   225 ||   439
  Throw: Boomerang         |       |     3 |       ||     3
    Use: Scroll            |     4 |     5 |     6 ||    15
         Potion            |       |       |     6 ||     6
 Armour: Scale mail        |    43 |    56 |       ||    99
         Chain mail        |       |     9 |    59 ||    68
         Plate armour      |       |       |    99 ||    99
  Dodge: Dodged            |    42 |    41 |    73 ||   156
  Block: Buckler           |    22 |    18 |    38 ||    78

Table legend:
 A = Non-vault XP
 B = Vault XP
 C = Vault XP percentage of total XP
 D = Non-vault monster count
 E = Vault monster count
 F = Vault count percentage of total count
                 A         B        C        D         E       F
            +---------+---------+-------+---------+---------+-------
      Total |    2000 |    1077 |  35.0 |     124 |      25 |  16.8
            +---------+---------+-------+---------+---------+-------
        D:1 |      49 |       0 |   0.0 |      25 |       0 |   0.0
        D:2 |      45 |       0 |   0.0 |      13 |       0 |   0.0
        D:3 |     198 |      79 |  28.5 |      32 |      16 |  33.3
        D:4 |     283 |     480 |  62.9 |      22 |       3 |  12.0
        D:5 |     335 |     197 |  37.0 |      11 |       1 |   8.3
        D:6 |     770 |     321 |  29.4 |      15 |       5 |  25.0
        D:7 |     320 |       0 |   0.0 |       6 |       0 |   0.0
            +---------+---------+-------+---------+---------+-------
